 Dungeon Crawl Stone Soup version 0.26-a0-958-gf3041fb45f (webtiles) character file.

Game seed: 3338873971423670753

539 tinescath the Gusty (level 7, -3/36 HPs)
             Began as a Tengu Air Elementalist on Nov 30, 2020.
             Was an Initiate of Sif Muna.
             Slain by a water moccasin (8 damage)
             ... on level 6 of the Dungeon.
             The game lasted 00:09:30 (6293 turns).

tinescath the Gusty (Tengu Air Elementalist)        Turns: 6293, Time: 00:09:31

Health: -3/36      AC:  2    Str:  8    XL:     7   Next: 26%
Magic:  11/14      EV: 15    Int: 18    God:    Sif Muna [......]
Gold:   251        SH:  0    Dex: 14    Spells: 2/14 levels left

rFire    . . .     SeeInvis .   f - +2 short sword (speed)
rCold    . . .     Faith    .   (no shield)
rNeg     . . .     Spirit   .   a - +0 robe
rPois    .         Reflect  .   g - +0 hat
rElec    .         Harm     .   (no cloak)
rCorr    .         Rampage  .   (no gloves)
MR       .....                  (boots unavailable)
Stlth    ++........             (no amulet)
HPRegen  0.12/turn              (no ring)
MPRegen  0.14/turn              (no ring)

@: flying quickly and evasively, quick
A: beak, talons 3, able to fly
a: Stop Flying, Renounce Religion


You were on level 6 of the Dungeon.
You worshipped Sif Muna.
Sif Muna was noncommittal.
You visited 1 branch of the dungeon, and saw 5 of its levels.

You collected 251 gold pieces.

Inventory:

Hand Weapons
 f - a +2 short sword of speed (weapon)
 y - a +0 hand crossbow
Missiles
 d - 182 stones
 k - 19 bolts
 n - 4 boomerangs
 r - 49 arrows
 v - 25 poisoned darts
Armour
 a - a +0 robe (worn)
 g - a +0 hat (worn)
Wands
 h - a wand of acid (9)
 t - a wand of polymorph (7)
 u - a wand of iceblast (5)
Scrolls
 b - 2 scrolls of amnesia
 e - 2 scrolls of fog
 j - 2 scrolls of blinking
 m - a scroll of enchant weapon
 x - a scroll of enchant armour {unknown}
Potions
 c - a potion of curing {unknown}
 i - a potion of heal wounds {unknown}
 l - a potion of flight {unknown}
 o - a potion of might {unknown}
 p - 2 potions of berserk rage
 s - a potion of lignification {unknown}
 w - a potion of degeneration {unknown}
Miscellaneous
 q - a tin of tremorstones (2/2)


   Skills:
 - Level 2.1 Dodging
 - Level 2.0 Stealth
 + Level 4.3 Spellcasting
 + Level 5.7 Conjurations
 + Level 6.9 Air Magic


You had 2 spell levels left.
You knew the following spells:

 Your Spells              Type           Power        Failure   Level
a - Shock                 Conj/Air       ####         1%          1
b - Swiftness             Air            ####....     1%          2
c - Airstrike             Air            ####......   9%          4
d - Lightning Bolt        Conj/Air       ####......   28%         5

Your spell library contained the following spells:

 Spells                   Type           Power        Failure   Level
 Static Discharge         Conj/Air       ####....     3%          3


Dungeon Overview and Level Annotations

Branches:
Dungeon (4/15)
 Temple: D:4-7

Altars:
Sif Muna
Wu Jian


Innate Abilities, Weirdness & Mutations

You have a beak for a mouth.
You have claws for feet.
You can fly continuously.


Message History

Confirm with . or Enter, or press ? or * to list all spells.
Aiming: Shock (safe; 1% risk of failure)
Press: ? - help, Shift-Dir - straight line, f/p - jelly
Aim: a jelly (heavily wounded, 0% to evade)
The zap misses the adder.
The zap hits the water moccasin!
The water moccasin is moderately wounded.
The zap hits the jelly.
The jelly is severely wounded.
The adder hisses angrily.
The adder bites you.
The electric eel shoots out a bolt of lightning at you!
The bolt of electricity hits the adder!
The bolt of electricity hits you! x2
* * * LOW HITPOINT WARNING * * *
Casting: Shock (safe; 1% risk of failure)
Confirm with . or Enter, or press ? or * to list all spells.
Aiming: Shock (safe; 1% risk of failure)
Press: ? - help, Shift-Dir - straight line, p - jelly The zap misses the water moccasin. x2
The water moccasin bites you!
You die...

.........#######.##..######..#
.######..##### ...#..# #...#
..# #......# #..#..# ##### ..#
#...##.# #<.#..# ..#
#...##.#.#..#..##. ..#
#....#.#.#..#.##.. ..#
#..#.#.#.....##... ..#
#..#...###.###...≈ ..#
#..##..#..@##...≈≈ ..#
#......##S##...≈≈. ..#
##.#...##.#...≈≈..
..######.#.#.##.'..♣
.........#.#..#.#J..;≈..
##.......).# #.##...≈≈.
#.......### #.. #.S.≈≈
#.......... .#. #...≈
#......###.. . . #...


You could see a water moccasin.

Vanquished Creatures
  A black bear (D:6)
  An ogre (D:6)
  A wyvern skeleton (D:6)
  A scorpion (D:4)
  A hound (D:6)
  An iguana (D:6)
  Ijyb (D:4)
  3 adders
  4 gnolls (D:2)
  A white imp (D:6)
  2 oozes
  2 worms (D:2)
  An adder skeleton (D:4)
  4 dart slugs
  3 leopard geckos
  6 orcs
  5 giant cockroaches
  11 goblins
  11 hobgoblins
  3 jackals (D:4)
  A quokka (D:2)
  8 bats
  6 frilled lizards
  8 kobolds
  A leopard gecko skeleton (D:4)
  3 rats
90 creatures vanquished.

Notes
Turn   | Place    | Note
-------+----------+-------------------------------------------
     0 | D:1      | tinescath the Tengu Air Elementalist began the quest for
                  | the Orb.
     0 | D:1      | Reached XP level 1. HP: 10/10 MP: 4/4
   580 | D:1      | Reached XP level 2. HP: 14/15 MP: 6/6
   604 | D:1      | Learned a level 2 spell: Swiftness
  1311 | D:1      | Reached XP level 3. HP: 19/19 MP: 5/7
  2164 | D:2      | Reached skill level 5 in Air Magic
  2164 | D:2      | Reached XP level 4. HP: 24/24 MP: 3/9
  2171 | D:2      | Found an ornate altar of the Wu Jian Council.
  2918 | D:3      | Gained mutation: You can fly continuously. [Tengu growth]
  2918 | D:3      | Reached XP level 5. HP: 17/28 MP: 5/10
  3036 | D:3      | Learned a level 4 spell: Airstrike
  3776 | D:3      | Found a shimmering blue altar of Sif Muna.
  3779 | D:3      | Became a worshipper of Sif Muna the Loreminder
  4647 | D:4      | Noticed Ijyb
  4663 | D:4      | Killed Ijyb
  4664 | D:4      | Reached XP level 6. HP: 32/32 MP: 5/12
  4672 | D:4      | Learned a level 5 spell: Lightning Bolt
  4780 | D:4      | Reached skill level 6 in Air Magic
  5336 | D:4      | You are sucked into a shaft and drop 2 floors!
  5493 | D:6      | Noticed a black bear
  5505 | D:6      | Killed a black bear
  5506 | D:6      | Reached skill level 5 in Conjurations
  5911 | D:6      | Reached XP level 7. HP: 22/36 MP: 10/14
  6293 | D:6      | Slain by a water moccasin

Illustrated notes

Levels and vault maps discovered:
D:1:      dpeg_arrival_three_smaller_balls, layout_loops_ring,
          minmay_misc_feat_square
D:2:      cheibrodos_helix_gallery, layout_rooms, old_standard_altar,
          solitary_fountain, grunt_ministairs_2, lemuel_old_faithful
D:3:      layout_loops_ring, st_stairs_6, lemuel_blue_sif_altar
D:4:      kennysheep_goblin_castle, layout_layer_cave, gup_sewer_entry_bubbles
D:6:      layout_basic, temple_statues, kennysheep_diamond

Skill      XL: |  1  2  3  4  5  6 |
---------------+-------------------+-----
Conjurations   | 2 3 4 5 |  5.7
Air Magic      | 5 6 |  6.9
Spellcasting   | 3 4 |  4.3
Dodging        | |  2.1
Stealth        | |  2.0

Action                   |  1- 3 |  4- 6 |  7- 9 || total
-------------------------+-------+-------+-------++-------
Melee: Short sword       |    56 |    83 |       ||   139
       Peck              |     5 |     9 |       ||    14
       Kick              |    12 |    17 |       ||    29
 Cast: Shock             |    51 |    71 |     9 ||   131
 Abil: Fly               |       |     1 |       ||     1
  Use: Scroll            |       |     8 |       ||     8
 Stab: Sleeping          |     7 |     3 |       ||    10
Armor: Robe              |    10 |    10 |       ||    20
Dodge: Dodged            |    40 |    53 |     2 ||    95

Table legend: (Time is in decaauts)
 A = Elapsed time spent in this place.
 B = Non-inter-level travel time spent in this place.
 C = Inter-level travel time spent in this place.
 D = Time resting spent in this place.
 E = Time spent auto-exploring this place.
 F = Levels seen in this place.
 G = Mean time per level.
                   A        B        C        D        E       F      G
               +--------+--------+--------+--------+--------+-----+--------+
         Total |   6124 |   6062 |     62 |   2610 |   2785 |   5 | 1224.8 |
       Dungeon |   6124 |   6062 |     62 |   2610 |   2785 |   5 | 1224.8 |
               +--------+--------+--------+--------+--------+-----+--------+

Top non-repeatable levels by time:
     D:1: 1799 daAuts
     D:3: 1471 daAuts
     D:2: 1032 daAuts
     D:6: 939 daAuts
     D:4: 881 daAuts
